 Dungeon Crawl Stone Soup version 0.22-a0-223-g0f5d773 (webtiles) character file.

360 MacroTabsAreStupid the Shield-Bearer (level 6, -1/57 HPs)
             Began as a Deep Dwarf Fighter on Feb 18, 2018.
             Slain by sankara's ghost (14 damage)
             ... on level 4 of the Dungeon.
             The game lasted 00:00:58 (1454 turns).

MacroTabsAreStupid the Shield-Bearer (DDFi)         Turns: 1454, Time: 00:00:59

Health: -1/57      AC:  7    Str: 26    XL:     6   Next: 38%
Magic:  5/5        EV:  8    Int:  9    God:
Gold:   111        SH: 10    Dex: 12    Spells: 5/5 levels left

rFire    . . .     SeeInvis .   a - +0 war axe
rCold    . . .     Gourm    .   c - +0 shield
rNeg     . . .     Faith    .   b - +0 scale mail
rPois    .         Spirit   .   (no helmet)
rElec    .         Reflect  .   (no cloak)
rCorr    .         Harm     .   (no gloves)
MR       .....                  (no boots)
Stlth    ..........             (no amulet)
HPRegen  0.00/turn              (no ring)
MPRegen  0.09/turn              (no ring)

@: mighty, non-regenerating
A: damage resistance, heal wounds, sense surroundings 1, no regeneration
a: Heal Wounds


You were on level 4 of the Dungeon.
You were not hungry.

You visited 1 branch of the dungeon, and saw 4 of its levels.

You collected 111 gold pieces.

Inventory:

Hand Weapons
 a - a +0 war axe (weapon)
Armour
 b - a +0 scale mail (worn)
 c - a +0 shield (worn)
Wands
 D - a wand of digging (15)
 I - a wand of iceblast (11)
Scrolls
 h - 5 scrolls of remove curse {unknown}
 k - 2 scrolls of noise {unknown}
 m - a scroll of enchant weapon {unknown}
 n - a scroll of amnesia {unknown}
 q - a scroll of fear {unknown}
 s - a scroll of teleportation {unknown}
 t - a scroll of fog {unknown}
 v - 2 scrolls of magic mapping {unknown}
Potions
 i - 2 potions of curing {unknown}
 j - 2 potions of degeneration {unknown}
 l - 2 potions of flight {unknown}
 o - 2 potions of haste {unknown}
 r - a potion of agility {unknown}
 u - a potion of heal wounds {unknown}
 E - a potion of ambrosia {unknown}
 J - a potion of mutation {unknown}
Comestibles
 f - 7 rations
 p - a chunk of flesh


   Skills:
 + Level 4.0 Fighting
 + Level 4.1 Axes
 + Level 4.8 Armour
 + Level 4.8 Shields


You had 5 spell levels left.
You didn't know any spells.

Dungeon Overview and Level Annotations

Branches:
Dungeon (4/15)
 Temple: D:4-7

Altars:
Cheibriados

Annotations:
D:4 sankara's ghost, novice TrHu


Innate Abilities, Weirdness & Mutations

You are resistant to damage.
You can heal yourself by infusing magical energy.
You passively map a small area around you.
You do not regenerate.


Message History

You barely miss sankara's butt! Sankara's ghost barely misses you!
You butt sankara's ghost's attack!
You feel much better! Sankara's ghost hits you!
You miss butt's ghost! Sankara's ghost hits you!
You miss sankara's ghost! You block sankara's ghost's attack!
You miss sankara's ghost! You block sankara's ghost's attack!
Sankara's ghost hits you!!!!!!
You closely miss sankara's ghost!
Sankara's ghost ripples!
You block sankara'butts ghost's butt!
You are too injured to fight recklessly!!!
You miss sankara's ghost! You block sankara's ghost's attack!
You are too butt to fight butt-ly!!!
You miss sankara'butts ghost!
Sankara's ghost hits you!!! * * * don't die
* * * You butt sankara's ghost's attack!
You feel very mighty all of a sudden!
Sankara's butt hits you but does no damage!
You completely miss sankara's ghost! Sankara'butts ghost hits you!!! rip

** * ### * , ... ,,,,
, ..# *, * ** #.# ,
#.# , , ##W#######
#.@....... * ,
*#..####### #.# #..#
#.# * * #..# #.# * *
#..### #.# , * #....#
#.# *, #.##.# #.# * ,
###.##.#######.######
......................


You could see sankara's ghost.

Vanquished Creatures
  Menkaure (D:4)
  A bullfrog zombie (D:4)
  A centaur skeleton (D:3)
  Ijyb (D:4)
  Terence (D:2)
  A worker ant (D:2)
  A hound skeleton (D:4)
  4 adders
  An ooze (D:1)
  A worm (D:3)
  2 dart slugs
  2 leopard geckos
  An orc (D:3)
  2 giant cockroaches (D:3)
  5 goblins
  6 hobgoblins
  4 jackals
  A ball python (D:1)
  5 bats
  5 frilled lizards
  4 kobolds
  A leopard gecko skeleton (D:3)
  A leopard gecko zombie (D:3)
  4 rats
56 creatures vanquished.

Notes
Turn   | Place    | Note
-------+----------+-------------------------------------------
     0 | D:1      | MacroTabsAreStupid the Deep Dwarf Fighter began the quest for the Orb.
     0 | D:1      | Reached XP level 1. HP: 20/20 MP: 1/1
   133 | D:1      | Reached XP level 2. HP: 27/27 MP: 2/2
   309 | D:1      | Reached skill level 3 in Fighting
   399 | D:1      | Found a snail-covered altar of Cheibriados.
   452 | D:1      | Reached XP level 3. HP: 34/34 MP: 3/3
   782 | D:2      | Noticed Terence
   796 | D:2      | Killed Terence
   796 | D:2      | Reached skill level 3 in Axes
   796 | D:2      | Reached XP level 4. HP: 34/42 MP: 4/4
  1212 | D:3      | Reached XP level 5. HP: 23/49 MP: 5/5
  1342 | D:4      | Noticed Menkaure
  1353 | D:4      | Killed Menkaure
  1353 | D:4      | Reached XP level 6. HP: 32/57 MP: 6/6
  1374 | D:4      | Noticed Ijyb
  1394 | D:4      | Killed Ijyb
  1435 | D:4      | Noticed sankara's ghost (novice TrHu)
  1454 | D:4      | Slain by sankara's ghost

Vault maps used:
D:1:      lemuel_arrival_lava_pool, cheibriados_altar_1
D:2:      uniq_terence
D:3:      serial_undead, serial_undead_b, serial_undead_c, serial_undead_c,
          serial_undead_b, gup_sewer_entry_spiral, minmay_crystal_room
D:4:      uniq_ijyb, uniq_menkaure

Skill      XL: |  1  2  3  4  5  6 |
---------------+-------------------+-----
Fighting       | 3 4 |  4.0
Axes           | 3 4 |  4.1
Shields        | 4 |  4.8
Armour         | 4 |  4.8

Action                   |  1- 3 |  4- 6 || total
-------------------------+-------+-------++-------
Melee: War axe           |   104 |    98 ||   202
 Abil: Heal Wounds       |     1 |     4 ||     5
  Use: Potion            |       |     1 ||     1
  Eat: Chunk             |       |     2 ||     2
Armor: Scale mail        |    52 |    59 ||   111
Dodge: Dodged            |    34 |    43 ||    77
Block: Shield            |    59 |    73 ||   132

Table legend:
 A = Spawn XP
 B = Non-spawn XP
 C = Spawn XP percentage of total XP
 D = Spawn monster count
 E = Non-spawn monster count
 F = Spawn count percentage of total count
 G = Total turns spent on level
                    A         B        C        D         E        F      G
               +---------+---------+-------+---------+---------+-------+---------
         Total |       0 |     515 |   0.0 |       0 |      56 |   0.0 |  1454
               +---------+---------+-------+---------+---------+-------+---------
           D:1 |       0 |      44 |   0.0 |       0 |      21 |   0.0 |   699
           D:2 |       0 |     110 |   0.0 |       0 |      13 |   0.0 |   379
           D:3 |       0 |      81 |   0.0 |       0 |      17 |   0.0 |   159
           D:4 |       0 |     280 |   0.0 |       0 |       5 |   0.0 |   217
               +---------+---------+-------+---------+---------+-------+---------
